 Dungeon Crawl Stone Soup version 0.28.0-53-g5a82cb258f (webtiles) character file.

Game seed: 1406188708912063288

67 Descartes the Shield-Bearer (level 4, -7/35 HPs)
             Began as a Formicid Fighter on Aug 16, 2022.
             Mangled by an ogre
             ... wielding a +0 giant spiked club
              (22 damage)
             ... on level 4 of the Dungeon.
             The game lasted 00:03:04 (2652 turns).

Descartes the Shield-Bearer (Formicid Fighter)      Turns: 2652, Time: 00:03:05

Health: -7/35      AC:  7    Str: 21    XL:     4   Next: 38%
Magic:  4/4        EV:  9    Int:  9    God:
Gold:   77         SH:  4    Dex: 10    Spells: 3/3 levels left

rFire   . . .      SeeInvis +   a - +0 war axe
rCold   . . .      Faith    .   c - +0 buckler
rNeg    . . .      Spirit   .   b - +0 scale mail
rPois   .          Reflect  .   (helmet unavailable)
rElec   .          Harm     .   (no cloak)
rCorr   .          Rampage  .   (no gloves)
Will    .....                   (no boots)
Stlth   ..........              (no amulet)
HPRegen 0.11/turn               (no ring)
MPRegen 0.09/turn               (no ring)

@: no status effects
A: permanent stasis, dig shafts and tunnels, antennae 3, four strong arms
a: Dig, Shaft Self


You were on level 4 of the Dungeon.
You visited 1 branch of the dungeon, and saw 4 of its levels.

You collected 77 gold pieces.

Inventory:

Hand Weapons
 a - a +0 war axe (weapon)
 m - a +0 great sword
Missiles
 e - 17 bolts
 f - 52 sling bullets
 g - 40 arrows
 n - 10 stones
 p - 10 poisoned darts
 s - 4 boomerangs
Armour
 b - a +0 scale mail (worn)
 c - a +0 buckler (worn)
Jewellery
 j - a ring of wizardry
Scrolls
 h - 2 scrolls of amnesia {unknown}
 k - 3 scrolls of identify {unknown}
 l - a scroll of immolation {unknown}
 o - a scroll of noise {unknown}
 r - 2 scrolls of teleportation {unknown}
 u - a scroll of enchant weapon {unknown}
 v - a scroll of fear {unknown}
Potions
 d - a potion of might
 i - 2 potions of degeneration {unknown}
 q - a potion of brilliance {unknown}
 t - a potion of mutation {unknown}
 w - a potion of heal wounds {unknown}


   Skills:
 - Level 3.2 Fighting
 + Level 2.6(2.9) Axes
 + Level 1.1(2.0) Maces & Flails
 + Level 1.2(2.1) Polearms
 + Level 3.7 Armour
 + Level 4.0 Shields
 + Level 1.1 Translocations


You had 3 spell levels left.
You didn't know any spells.
Your spell library contained the following spells:

 Spells                   Type           Power      Damage    Failure   Level
 Portal Projectile        Hex/Tloc       2%         N/A       97%         3
 Mephitic Cloud           Conj/Pois/Air  0%         N/A       98%         3
 Flame Wave               Conj/Fire      0%         2d4       100%        4
 Blade Hands              Tmut           0%         N/A       100%        5
 Excruciating Wounds      Necr           0%         N/A       100%        5
 Statue Form              Tmut/Erth      0%         N/A       100%        6


Dungeon Overview and Level Annotations

Branches:
Dungeon (4/15)
 Temple: D:4-7

Altars:


Innate Abilities, Weirdness & Mutations

You cannot be hasted, slowed, berserked, paralysed or teleported.
You can dig through walls and to a lower floor.
You have a pair of large antennae on your head. (SInv)
Your four strong arms can wield two-handed weapons with a shield.


Message History

There is a stone staircase leading down here.
You climb downwards.
There is a stone staircase leading up here.
An orc wizard comes into view. It is wielding a +0 dagger.
The orc wizard shouts!
You hear a shout! x2
An orc comes into view. It is wielding a +0 club.
A kobold comes into view. It is wielding a +0 club.
An orc comes into view.
It is wielding a +3 morningstar of holy wrath.
The orc wizard gestures wildly while chanting.
The orc wizard flickers and vanishes for a moment.
You hit the orc but do no damage. The orc hits you but does no damage.
You closely miss the orc wizard. You closely miss the orc wizard.
You slash the orc!
You kill the orc!
The orc wizard hits you but does no damage.
You hit the orc wizard.
The orc wizard is lightly wounded.
You hit the orc.
The orc hits you with a +3 morningstar of holy wrath!
The orc wizard points at you and mumbles some strange words.
You resist with some effort. You block the orc's attack.
The orc wizard barely misses you.
You barely miss the orc wizard.
The orc wizard is lightly wounded.
You closely miss the kobold. You hit the orc but do no damage.
You block the kobold's attack.
The orc wizard hits you but does no damage.
The orc hits you but does no damage. The kobold barely misses you.
Unknown command.
You hit the orc wizard.
The orc wizard is moderately wounded.
You completely miss the orc. You hit the kobold. The orc closely misses you.
An ogre comes into view. It is wielding a +0 giant spiked club.
The orc wizard hits you but does no damage.
The kobold barely misses you.
The orc hits you with a +3 morningstar of holy wrath.
The orc wizard hits you with a +0 dagger.
The ogre hits you with a +0 giant spiked club!!
Ouch! That really hurt!
You die...

............
...........
..........#
........#
.......##..
#.#..... ##.oo.#
..##..@K#
#......O########
#..............#
...####......##.
.. #...<..# .
#......#
#......#
#..##### #.##


You could see an ogre, an orc wizard (invisible), an orc and a kobold.

Vanquished Creatures
  An adder (D:2)
  2 dart slugs
  9 orcs
  5 bats (D:2)
  3 endoplasms
  A giant cockroach (D:2)
  3 goblins
  2 jackals (D:2)
  2 quokkas (D:2)
  A ball python (D:2)
  2 frilled lizards (D:2)
  6 kobolds
  5 rats
42 creatures vanquished.

Notes
Turn   | Place    | Note
-------+----------+-------------------------------------------
     0 | D:1      | Descartes the Formicid Fighter began the quest for the Orb.
     0 | D:1      | Reached XP level 1. HP: 18/18 MP: 1/1
   183 | D:1      | Found a faded altar of an unknown god.
   660 | D:2      | Reached XP level 2. HP: 24/24 MP: 2/2
  1010 | D:2      | Reached XP level 3. HP: 26/29 MP: 3/3
  1206 | D:2      | Got the Disquisition on the Damaging Rocks
  1382 | D:2      | Reached skill level 1 in Polearms
  1770 | D:3      | Reached skill level 1 in Maces & Flails
  1886 | D:3      | Reached skill level 4 in Shields
  1886 | D:3      | Reached skill level 1 in Translocations
  1886 | D:3      | Reached XP level 4. HP: 35/35 MP: 4/4
  2438 | D:4      | Noticed an ogre
  2651 | D:4      | Noticed an ogre
  2652 | D:4      | Mangled by an ogre

Illustrated notes

Levels and vault maps discovered:
D:1:      co_arrival_two_rings, layout_loops_ring,
          hellmonk_ecumenical_altar_arch_garden
D:2:      layout_loops_ring
D:3:      layout_basic
D:4:      layout_rooms, minmay_temple_entry_purple_smoke, serial_shops,
          nicolae_shop_hallway_plus

Skill      XL: |  1  2  3 |
---------------+----------+-----
Polearms       | 1 |  1.2
Maces & Flails | 1 |  1.1
Shields        | 4 |  4.0
Translocations | 1 |  1.1
Fighting       | |  3.2
Axes           | |  2.6
Armour         | |  3.7

Action                   |  1- 3 |  4- 6 || total
-------------------------+-------+-------++-------
Melee: War axe           |   114 |    21 ||   135
Armor: Scale mail        |    67 |    12 ||    79
Dodge: Dodged            |    58 |    17 ||    75
Block: Buckler           |    40 |     8 ||    48
